 Dungeon Crawl Stone Soup version 0.28-a0-577-gb193047a1f (webtiles) character file.

Game seed: 5709958531747116232

19 iamoutofideas the Chopper (level 2, -1/25 HPs)
             Began as a Hill Orc Gladiator on Oct 1, 2021.
             Slain by an adder (3 damage)
             ... on level 1 of the Dungeon.
             The game lasted 00:00:49 (1168 turns).

iamoutofideas the Chopper (Hill Orc Gladiator)      Turns: 1168, Time: 00:00:50

Health: -1/25      AC:  4    Str: 16    XL:     2   Next: 75%
Magic:  2/2        EV: 12    Int:  8    God:
Gold:   39         SH:  0    Dex: 12    Spells: 1/1 levels left

rFire   . . .      SeeInvis .   a - +0 war axe
rCold   . . .      Faith    .   (no shield)
rNeg    . . .      Spirit   .   b - +0 leather armour
rPois   .          Reflect  .   c - +0 helmet
rElec   .          Harm     .   (no cloak)
rCorr   .          Rampage  .   (no gloves)
Will    .....                   (no boots)
Stlth   +.........              (no amulet)
HPRegen 0.08/turn               (no ring)
MPRegen 0.08/turn               (no ring)

@: no status effects
A: no striking features
a: no special abilities


You were on level 1 of the Dungeon.
You visited 1 branch of the dungeon, and saw 2 of its levels.

You collected 39 gold pieces.

Inventory:

Hand Weapons
 a - a +0 war axe (weapon)
Missiles
 d - 3 throwing nets (quivered)
Armour
 b - a +0 leather armour (worn)
 c - a +0 helmet (worn)
Jewellery
 e - a ring of willpower
Scrolls
 f - a scroll of identify {unknown}


   Skills:
 - Level 2.4 Fighting
 + Level 5.3 Axes
 - Level 1.7 Throwing
 - Level 2.4 Dodging


You had one spell level left.
You didn't know any spells.
Your spell library was empty.

Dungeon Overview and Level Annotations

Branches:
Dungeon (2/15)

Altars:


Message History

You feel sick. The adder closely misses you. The adder bites you.
You barely miss the adder.
The adder is lightly wounded.
You feel sick. The adder barely misses you. The adder closely misses you.
You closely miss the adder.
You feel sick. The adder misses you.
You feel sick.
You feel sick.
You are no longer poisoned.
The adder misses you. The adder bites you but does no damage.
The adder barely misses you. The adder bites you.
* * * LOW HITPOINT WARNING * * *
The adder misses you. The adder misses you.
The adder bites you but does no damage. The adder bites you.
* * * LOW HITPOINT WARNING * * *
You see here 18 bolts.
There is a stone staircase leading up here.
The adder bites you but does no damage. The adder barely misses you.
You climb upwards.
There is a stone staircase leading down here.
Unknown command.
The adder closely misses you. The adder closely misses you.
The adder bites you but does no damage. The adder barely misses you.
There is an open door here.
You enter the shallow water.
Moving in this stuff is going to be slow.
The adder barely misses you. The adder bites you but does no damage.
There is an open door here.
You slash the adder!
The adder is almost dead.
The adder bites you.
* * * LOW HITPOINT WARNING * * *
You miss the adder.
The adder is almost dead.
The adder bites you but does no damage. The adder bites you.
You die...

### #.####.#.#.... ##.##
#.#......#.#.. ######
#######...###..........#.. .....#
#..........####.##.#...... .###.#
#.#####.....# #.##.......# .#
#.###.## ##.##.# #.##.......#
.###......# #.##'###......#...#
.##......## #.#S≈≈#########...#
.##.####.# #.@≈≈≈+...# #...#
..#.####.######.#≈≈≈#...# #...#
#.....#........###+##...# #...#
..#.#.#.......###.......#####...#
###.#.#........#.................
.............#..#................
.######.........#................
.# #.......#..>.....######...# .#
#.......#........# #...#


You could see an adder.

Vanquished Creatures
  2 endoplasms (D:1)
  A giant cockroach (D:1)
  A goblin (D:1)
  A hobgoblin (D:1)
  4 jackals (D:1)
  2 kobolds (D:1)
  2 ball pythons (D:1)
  2 bats (D:1)
  A frilled lizard (D:1)
16 creatures vanquished.

Notes
Turn   | Place    | Note
-------+----------+-------------------------------------------
     0 | D:1      | iamoutofideas the Hill Orc Gladiator began the quest for
                  | the Orb.
     0 | D:1      | Reached XP level 1. HP: 18/18 MP: 1/1
   243 | D:1      | Reached XP level 2. HP: 24/25 MP: 2/2
   477 | D:1      | Reached skill level 5 in Axes
  1168 | D:1      | Slain by an adder

Illustrated notes

Levels and vault maps discovered:
D:1:      dpeg_arrival_round_b, layout_loops_cross, minmay_liquid_box
D:2:      layout_loops_ring, dreamdust_ecumenical_altar_statues,
          uniq_crazy_yiuf_cottage, uniq_natasha

Skill      XL: |  1  2 |
---------------+-------+-----
Axes           | 5 |  5.3
Fighting       | |  2.4
Throwing       | |  1.7
Dodging        | |  2.4

Action                   || total
-------------------------++-------
Melee: War axe           ||    61
Armor: Leather armour    ||    22
Dodge: Dodged            ||    55

Table legend: (Time is in decaauts)
 A = Elapsed time spent in this place.
 B = Non-inter-level travel time spent in this place.
 C = Inter-level travel time spent in this place.
 D = Time resting spent in this place.
 E = Time spent auto-exploring this place.
 F = Levels seen in this place.
 G = Mean time per level.
                   A        B        C        D        E       F      G
               +--------+--------+--------+--------+--------+-----+--------+
         Total |   1185 |   1168 |     17 |      0 |    998 |   2 |  592.5 |
       Dungeon |   1185 |   1168 |     17 |      0 |    998 |   2 |  592.5 |
               +--------+--------+--------+--------+--------+-----+--------+

Top non-repeatable levels by time:
     D:1: 1115 daAuts
     D:2: 70 daAuts
